[Event "Titled Tuesday Blitz April 25 Late 2023"]
[White "Osmonbekov, Talaibek"]
[Black "Prydun, Andriy"]
[WhiteFideId "2017253"]
[BlackFideId "14145898"]
[WhiteElo "2135"]
[BlackElo "2164"]
[Result "0-1"]
[Round "11"]
[TimeControl "180+2"]
[Date "2023.04.25"]
[WhiteClock "0:00:05"]
[BlackClock "0:00:15"]

1. d4 Nf6 2. Bf4 Nh5 3. Bg5 h6 4. Bd2 Nf6 5. Nc3 d5 6. Bf4 c6 7. e3 Bf5 8. f3 Nbd7 9. g4 Bh7 10. h4 e6 11. Bd3 b5 12. Bxh7 Nxh7 13. Nge2 Be7 14. Bg3 a5 15. Qd3 a4 16. a3 Nb6 17. Kf2 Nc4 18. Rab1 Bd6 19. e4 Bxg3+ 20. Nxg3 Nf6 21. g5 dxe4 22. Ncxe4 Nd5 23. Ne2 Qe7 24. b3 axb3 25. cxb3 Rxa3 26. Qc2 Na5 27. Ra1 Nb4 28. Qc5 Nd3+ 29. Ke3 Nxc5 30. Nxc5 b4 31. Rxa3 bxa3 32. Ra1 O-O 33. Rxa3 Nb7 34. Ra7 Rb8 35. gxh6 gxh6 36. Nc3 Qxh4 37. Nxb7 Qg5+ 38. Kd3 h5 39. Ne4 Qe7 40. Nec5 h4 41. Ra1 Rxb7 42. Rg1+ Kf8 43. Nxb7 Qxb7 44. Kc4 Qb5+ 45. Kc3 Qd5 46. Rg4 Qxf3+ 47. Kc4 Qxg4 0-1


[Site "https://www.chess.com"]

[Event "Titled Tuesday Blitz April 25 Late 2023"]
[White "Schuster, Karsten"]
[Black "Adewumi, Tanitoluwa"]
[WhiteFideId "4611071"]
[BlackFideId "30966396"]
[WhiteElo "2294"]
[BlackElo "2283"]
[Result "1-0"]
[Round "11"]
[TimeControl "180+2"]
[Date "2023.04.25"]
[WhiteClock "0:00:49"]
[BlackClock "0:00:06"]

1. d4 Nf6 2. c4 e6 3. Nc3 Bb4 4. Qc2 O-O 5. a3 Bxc3+ 6. Qxc3 b6 7. Bg5 Bb7 8. e3 h6 9. Bh4 d6 10. f3 c5 11. Bd3 cxd4 12. exd4 Nbd7 13. Ne2 d5 14. Rc1 dxc4 15. Bxc4 Rc8 16. Qd2 Ne4 17. Bxd8 Nxd2 18. Kxd2 Rfxd8 19. Bb5 Nf6 20. Rxc8 Rxc8 21. Rc1 Rxc1 22. Nxc1 Kf8 23. Nd3 Ke7 24. Ne5 a6 25. Be2 Nd5 26. g3 f6 27. Nc4 Kd7 28. f4 Kc7 29. Bg4 f5 30. Bf3 Nf6 31. Bxb7 Kxb7 32. Ke3 Kc6 33. h3 b5 34. Nd2 Kd5 35. Kd3 Nh5 36. Nf1 g5 37. Ne3+ Kd6 38. fxg5 hxg5 39. h4 g4 40. Nf1 e5 41. dxe5+ Kxe5 42. Ke3 a5 43. b3 b4 44. a4 Kd5 45. Nd2 Nxg3 46. Kf4 Ne4 47. Nxe4 fxe4 48. h5 Kd4 49. h6 e3 50. h7 e2 51. h8=Q+ Kd3 52. Qd8+ Kc2 53. Qe7 Kd2 54. Qd6+ Kc2 55. Qe5 Kd2 56. Qe3+ Kd1 57. Qd3+ Ke1 58. Kxg4 Kf1 59. Qf3+ Kg1 60. Qxe2 Kh1 61. Kg3 1-0


[Site "https://www.chess.com"]

[Event "Titled Tuesday Blitz April 25 Late 2023"]
[White "Rodriguez Santiago, Jaime"]
[Black "Srinath, Rao S.V."]
[WhiteFideId "3100898"]
[BlackFideId "5028876"]
[WhiteElo "2025"]
[BlackElo "2196"]
[Result "1-0"]
[Round "11"]
[TimeControl "180+2"]
[Date "2023.04.25"]
[WhiteClock "0:00:13"]
[BlackClock "0:00:03"]

1. c4 Nf6 2. Nc3 g6 3. g3 Bg7 4. Bg2 O-O 5. e4 d6 6. Nge2 c5 7. O-O Nc6 8. d3 Ne8 9. Be3 a6 10. a4 Nc7 11. d4 cxd4 12. Nxd4 Ne6 13. Nde2 Nc5 14. Rb1 a5 15. b3 Bg4 16. f3 Be6 17. Qd2 Nb4 18. Bh6 Qd7 19. Bxg7 Kxg7 20. Nf4 Kg8 21. Ncd5 Bxd5 22. Nxd5 Nxd5 23. Qxd5 e6 24. Qd2 Rfd8 25. Rfd1 Qc7 26. Qe3 Na6 27. h4 Nb4 28. Kh2 Qc5 29. Qf4 Qe5 30. Qh6 Qg7 31. Qe3 Qe5 32. Rd2 Qc5 33. Qh6 d5 34. exd5 exd5 35. Rbd1 d4 36. Qf4 Nc6 37. Rd3 Rd7 38. Qe4 Rad8 39. f4 Re7 40. Qf3 Nb4 41. R3d2 d3 42. Qg4 Qf5 43. Qxf5 gxf5 44. Bf1 Re3 45. Kg2 Rde8 46. Bxd3 Nxd3 47. Rxd3 Re2+ 48. Kf3 Rb2 49. Rc3 Ree2 50. Rdd3 Rf2+ 51. Ke3 Rbe2+ 52. Kd4 Re4+ 53. Kc5 Rh2 54. Kb5 1-0


[Site "https://www.chess.com"]

[Event "Titled Tuesday Blitz April 25 Late 2023"]
[White "Harish, Neeraj"]
[Black "Petrovic, Aleksa"]
[WhiteFideId "30958130"]
[BlackFideId "967629"]
[WhiteElo "1965"]
[BlackElo "2309"]
[Result "0-1"]
[Round "11"]
[TimeControl "180+2"]
[Date "2023.04.25"]
[WhiteClock "0:01:26"]
[BlackClock "0:01:20"]

1. e4 e6 2. d4 d5 3. e5 c5 4. c3 Qb6 5. Nf3 Nc6 6. Bd3 Bd7 7. O-O cxd4 8. Re1 Be7 9. Nbd2 Bd8 10. c4 Nge7 11. cxd5 Nxd5 12. Nc4 Qc7 13. Nd6+ Kf8 14. Nc4 b5 15. Ncd2 Ncb4 16. Be4 d3 17. Nd4 Qxe5 18. N2f3 Qc7 19. a3 Nc2 20. Nxc2 Qxc2 21. Qxc2 dxc2 22. Bxc2 Rc8 23. Bd3 Ba5 24. Bd2 Bxd2 25. Nxd2 Ke7 26. Nb3 Kf6 27. Nd4 a6 28. a4 bxa4 29. Bxa6 Rb8 30. Re2 Rb6 31. Bd3 Rhb8 32. Rb1 Nc3 0-1


[Site "https://www.chess.com"]

[Event "Titled Tuesday Blitz April 25 Late 2023"]
[White "Womacka, Mathias"]
[Black "Stanisz, Patryk"]
[WhiteFideId "4611390"]
[BlackFideId "1123106"]
[WhiteElo "2377"]
[BlackElo "2069"]
[Result "0-1"]
[Round "11"]
[TimeControl "180+2"]
[Date "2023.04.25"]
[WhiteClock "0:01:29"]
[BlackClock "0:00:25"]

1. e4 c5 2. Nf3 Nc6 3. d4 cxd4 4. Nxd4 Nf6 5. Nc3 e5 6. Ndb5 d6 7. Bg5 a6 8. Na3 b5 9. Nd5 Qa5+ 10. Bd2 Qd8 11. Nxf6+ Qxf6 12. Bd3 Qg6 13. O-O Be7 14. c4 Nd4 15. cxb5 Bh3 16. g3 O-O 17. Re1 Bg4 18. Qb1 Nf3+ 19. Kg2 Nxd2 20. Qc2 Nf3 21. Re3 Qh5 22. h4 Nd4 23. Qc7 Bf3+ 24. Kg1 Bxh4 25. gxh4 Qg4+ 26. Kf1 Qg2+ 27. Ke1 Rac8 28. Qxd6 Qg1+ 29. Bf1 Bg2 30. Kd2 Bxf1 31. Qxe5 Qxf2+ 0-1


[Site "https://www.chess.com"]

[Event "Titled Tuesday Blitz April 25 Late 2023"]
[White "Estrada Nieto, Julian"]
[Black "Romero Ruscalleda, Josep"]
[WhiteFideId "5101018"]
[BlackFideId "2231859"]
[WhiteElo "2161"]
[BlackElo "2183"]
[Result "1-0"]
[Round "11"]
[TimeControl "180+2"]
[Date "2023.04.25"]
[WhiteClock "0:02:52"]
[BlackClock "0:02:29"]

1. e4 g6 2. d4 Bg7 3. Nf3 d6 4. Nc3 a6 5. a4 Nc6 6. Be2 e5 7. dxe5 Nxe5 8. Nxe5 Bxe5 9. O-O Bg7 10. Be3 Ne7 11. Bd4 O-O 12. Bxg7 Kxg7 13. f4 f5 14. Qd4+ Kg8 15. Bc4+ d5 16. Nxd5 Nxd5 17. Bxd5+ Rf7 18. Bxf7+ Kxf7 19. Qxd8 1-0


[Site "https://www.chess.com"]

[Event "Titled Tuesday Blitz April 25 Late 2023"]
[White "Sailer, Mike"]
[Black "Hoffmann, Asa"]
[WhiteFideId "2012901"]
[BlackFideId "2001470"]
[WhiteElo "2109"]
[BlackElo "2117"]
[Result "0-1"]
[Round "11"]
[TimeControl "180+2"]
[Date "2023.04.25"]
[WhiteClock "0:00:31"]
[BlackClock "0:01:17"]

1. d4 Nf6 2. Bg5 e6 3. Nd2 Be7 4. e4 d6 5. Bd3 Nbd7 6. c3 e5 7. Ne2 c6 8. Ng3 h6 9. Be3 g6 10. h4 Nf8 11. h5 Ng4 12. hxg6 fxg6 13. Qe2 Nxe3 14. Qxe3 Bg5 15. Qe2 Ne6 16. Bc4 Nf4 17. Qf1 d5 18. exd5 cxd5 19. Bb5+ Bd7 20. Bxd7+ Qxd7 21. dxe5 O-O-O 22. O-O-O Qa4 23. Kb1 Rhe8 24. Nb3 Rxe5 25. Rd4 Qc6 26. Qd1 Rde8 27. Rb4 b6 28. Nd4 Qd7 29. Nf3 R5e6 30. Nxg5 hxg5 31. Qg4 Re1+ 32. Rxe1 Rxe1+ 0-1


[Site "https://www.chess.com"]

[Event "Titled Tuesday Blitz April 25 Late 2023"]
[White "Bustamante Orta, Jorge"]
[Black "Delorme, Alban"]
[WhiteFideId "5121710"]
[BlackFideId "623636"]
[WhiteElo "2165"]
[BlackElo "2196"]
[Result "1-0"]
[Round "11"]
[TimeControl "180+2"]
[Date "2023.04.25"]
[WhiteClock "0:02:24"]
[BlackClock "0:01:58"]

1. b3 Nf6 2. Bb2 g6 3. Nf3 Bg7 4. g3 O-O 5. Bg2 d5 6. c4 c5 7. cxd5 Nxd5 8. Bxg7 Kxg7 9. Qc2 b6 10. d4 cxd4 11. Nxd4 Bb7 12. O-O Nd7 13. Na3 Rc8 14. Qb2 Kg8 15. Nab5 a6 16. Na7 Rc7 17. Rac1 Nc5 18. b4 Na4 19. Qb3 Nac3 20. e4 Ba8 21. exd5 Rxa7 22. Rxc3 1-0


[Site "https://www.chess.com"]

[Event "Titled Tuesday Blitz April 25 Late 2023"]
[White "Dargan, Paul A G"]
[Black "Figorito, Nick"]
[WhiteFideId "416762"]
[BlackFideId "30923689"]
[WhiteElo "2042"]
[BlackElo "2036"]
[Result "1-0"]
[Round "11"]
[TimeControl "180+2"]
[Date "2023.04.25"]
[WhiteClock "0:00:17"]
[BlackClock "0:00:28"]

1. e4 e6 2. d4 d5 3. Nd2 Nf6 4. e5 Nfd7 5. c3 c5 6. Bd3 Nc6 7. Ndf3 Be7 8. Ne2 a5 9. O-O a4 10. a3 c4 11. Bc2 b5 12. g3 Na5 13. Kg2 Nb3 14. Rb1 Nxc1 15. Qxc1 h6 16. h4 Bb7 17. Nh2 Qc7 18. f4 g6 19. Nf3 h5 20. Qe3 O-O-O 21. Nc1 Nb8 22. Na2 Nc6 23. Nb4 Nxb4 24. axb4 Kd7 25. Ra1 Ra8 26. Nd2 Bc6 27. Qf3 Rhg8 28. Ra3 Rh8 29. Rfa1 Rhg8 30. b3 axb3 31. Rxa8 Rxa8 32. Rxa8 Bxa8 33. Bb1 Qa7 34. f5 exf5 35. Bxf5+ gxf5 36. Qxf5+ Ke8 37. Nf3 b2 38. e6 fxe6 39. Qg6+ Kd8 40. Ne5 Qa1 41. Qxe6 Qa7 42. Nf7+ Ke8 43. Nd6+ Kd8 44. Qc8# 1-0


[Site "https://www.chess.com"]

[Event "Titled Tuesday Blitz April 25 Late 2023"]
[White "Fernandez, Maria Florencia"]
[Black "Eidelman, Gabriel"]
[WhiteFideId "116459"]
[BlackFideId "30910544"]
[WhiteElo "2120"]
[BlackElo "2209"]
[Result "1-0"]
[Round "11"]
[TimeControl "180+2"]
[Date "2023.04.25"]
[WhiteClock "0:00:15"]
[BlackClock "0:00:20"]

1. d4 e6 2. c4 b6 3. Nc3 Bb7 4. f3 Bb4 5. e4 c5 6. d5 exd5 7. cxd5 Ba6 8. Bxa6 Nxa6 9. Ne2 d6 10. Qa4+ Kf8 11. Qxa6 Qh4+ 12. Ng3 f5 13. O-O f4 14. Nf5 Qg5 15. Qb7 Rd8 16. Bxf4 Qf6 17. Bg3 Nh6 18. Bh4 g5 19. Nxh6 Qxh6 20. Bg3 Qg6 21. f4 g4 22. f5 Qf6 23. e5 dxe5 24. Ne4 Qh6 25. f6 Re8 26. Nd6 c4 27. Qf7# 1-0


[Site "https://www.chess.com"]

[Event "Titled Tuesday Blitz April 25 Late 2023"]
[White "Skaric, Djuro"]
[Black "Holtel, Jasper"]
[WhiteFideId "934569"]
[BlackFideId "12956376"]
[WhiteElo "2282"]
[BlackElo "2372"]
[Result "1-0"]
[Round "11"]
[TimeControl "180+2"]
[Date "2023.04.25"]
[WhiteClock "0:01:04"]
[BlackClock "0:00:03"]

1. g3 Nf6 2. Bg2 g6 3. d3 Bg7 4. e4 O-O 5. f4 d6 6. Nf3 c5 7. O-O Nc6 8. Nc3 Rb8 9. a4 b6 10. h3 Bd7 11. g4 a6 12. Ne2 b5 13. axb5 axb5 14. Ng3 Ra8 15. Rxa8 Qxa8 16. e5 dxe5 17. Nxe5 Qb7 18. g5 Ne8 19. Qf3 Bxe5 20. fxe5 Qc7 21. e6 Nd4 22. exf7+ Kh8 23. Qf4 Qxf4 24. Bxf4 Rxf7 25. Be5+ Kg8 26. Rxf7 Kxf7 27. Bxd4 cxd4 28. Ne2 e5 29. Kf2 Nd6 30. c3 Nf5 31. Bd5+ Kg7 32. cxd4 Nxd4 33. Nxd4 exd4 34. h4 h6 35. Kf3 Bf5 36. Be4 hxg5 37. hxg5 Kf7 38. Kf4 Be6 39. Ke5 Bd7 40. Bd5+ Ke7 41. Kxd4 Kd6 42. Be4 Be8 43. b4 Bf7 44. Ke3 Be8 45. Kd4 Bf7 46. Bb7 Be8 47. Bc8 Bf7 48. Bg4 Be8 49. Bf3 Bf7 50. Be4 Be8 51. Bd5 Bd7 52. Bf7 Bf5 53. Be8 Ke7 54. Bxb5 Kd6 55. Bc4 Kc7 56. Kc5 Kb7 57. d4 Kc7 58. b5 Kb7 59. b6 Kb8 60. Ba6 Be4 61. Kd6 Bd5 62. Kxd5 Ka8 63. Kc6 Kb8 64. d5 Ka8 65. d6 Kb8 66. d7 1-0


[Site "https://www.chess.com"]

[Event "Titled Tuesday Blitz April 25 Late 2023"]
[White "Florianovitz, Derlei Alex"]
[Black "Vifleemskaia, Svetlana"]
[WhiteFideId "2114178"]
[BlackFideId "4129490"]
[WhiteElo "1953"]
[BlackElo "1930"]
[Result "0-1"]
[Round "11"]
[TimeControl "180+2"]
[Date "2023.04.25"]
[WhiteClock "0:00:01"]
[BlackClock "0:00:03"]

1. e4 e5 2. Nf3 Nc6 3. Bb5 a6 4. Ba4 Nf6 5. O-O Be7 6. Re1 b5 7. Bb3 d6 8. c3 O-O 9. h3 Nd7 10. d4 Bf6 11. d5 Ne7 12. a4 Rb8 13. Nbd2 Ng6 14. axb5 axb5 15. Nf1 Nh4 16. Nxh4 Bxh4 17. Be3 Bg5 18. Bc2 Bxe3 19. Nxe3 g6 20. Rf1 Qg5 21. Ra7 Nf6 22. Rxc7 Bxh3 23. Qf3 Bd7 24. Ra1 b4 25. Raa7 Rfd8 26. c4 b3 27. Bd1 h5 28. Kf1 Qh4 29. Kg1 Qg5 30. Be2 Be8 31. Bd3 Kg7 32. c5 dxc5 33. Rxc5 Ra8 34. Rcc7 Rxa7 35. Rxa7 Rc8 36. Ra1 Nd7 37. Nc4 Nc5 38. Nd6 Rd8 39. Nxe8+ Rxe8 40. Bc4 Qf6 41. Qxf6+ Kxf6 42. Ra5 Nxe4 43. Bxb3 Rb8 44. Ra6+ Ke7 45. d6+ Nxd6 46. Bd5 Rxb2 47. g3 Rb1+ 48. Kg2 f5 49. Ra7+ Kf6 50. Ra8 Ne4 51. Rf8+ Kg7 52. Rf7+ Kh6 53. Bxe4 fxe4 54. Re7 Rb5 55. Re6 Kg5 56. Rd6 Kf5 57. Rc6 Rb2 58. Rc3 Re2 59. Rb3 Rd2 60. Kg1 g5 61. Kg2 h4 62. gxh4 gxh4 63. Kh3 Rxf2 64. Kxh4 Rf3 65. Rb8 e3 66. Rf8+ Ke4 67. Re8 e2 68. Kg4 e1=Q 69. Rxe5+ Kxe5 0-1


[Site "https://www.chess.com"]

[Event "Titled Tuesday Blitz April 25 Late 2023"]
[White "Panico, Nick"]
[Black "Allahverdiyeva, Ayan"]
[WhiteFideId "2026724"]
[BlackFideId "13412590"]
[WhiteElo "1982"]
[BlackElo "1980"]
[Result "1/2-1/2"]
[Round "11"]
[TimeControl "180+2"]
[Date "2023.04.25"]
[WhiteClock "0:02:04"]
[BlackClock "0:02:27"]

1. d4 Nf6 2. Bf4 b6 3. a4 Bb7 4. e3 a6 5. Nf3 d6 6. h3 Nbd7 7. Be2 g6 8. O-O Bg7 9. c3 O-O 10. Nbd2 Re8 11. a5 e5 12. Bh2 b5 13. dxe5 Nxe5 14. Qb3 Ned7 15. Rfd1 Nc5 16. Qa2 Nfe4 17. Nxe4 Nxe4 18. c4 b4 19. Qb3 Qe7 20. Qxb4 Nxf2 21. Kxf2 Qxe3+ 22. Kf1 Qxe2+ 23. Kg1 Bxf3 24. gxf3 Qe4 25. fxe4 1/2-1/2


[Site "https://www.chess.com"]

[Event "Titled Tuesday Blitz April 25 Late 2023"]
[White "Narva, Triin"]
[Black "Bulgurlu, Okan"]
[WhiteFideId "4502680"]
[BlackFideId "6352316"]
[WhiteElo "1944"]
[BlackElo "1908"]
[Result "0-1"]
[Round "11"]
[TimeControl "180+2"]
[Date "2023.04.25"]
[WhiteClock "0:00:01"]
[BlackClock "0:00:22"]

1. e4 c5 2. Nc3 Nc6 3. g3 d6 4. Bg2 h5 5. d3 h4 6. Be3 Nf6 7. Qd2 Ng4 8. h3 Nxe3 9. Qxe3 hxg3 10. fxg3 Nd4 11. O-O-O Be6 12. Nf3 g6 13. g4 Bg7 14. Rhf1 Qa5 15. Nb1 Qxa2 16. e5 Nxf3 17. Qxf3 Bxe5 18. Qxb7 O-O 19. Nc3 Rab8 20. Qxb8 Bxc3 21. Qxf8+ Kxf8 22. bxc3 d5 23. Kd2 d4 24. c4 Qa5+ 25. Ke2 Qc3 26. Rd2 a5 27. Bc6 Bxc4 28. dxc4 Qxc4+ 29. Kf2 Qe6 30. Bf3 Qe3+ 31. Kg3 Qxd2 32. Rf2 Qe3 33. Rg2 a4 34. Rg1 Qxg1+ 0-1


[Site "https://www.chess.com"]

[Event "Titled Tuesday Blitz April 25 Late 2023"]
[White "Dahlgren, James Allen"]
[Black "Kraus, Tomas"]
[WhiteFideId "22256873"]
[BlackFideId "331708"]
[WhiteElo "1824"]
[BlackElo "2389"]
[Result "0-1"]
[Round "11"]
[TimeControl "180+2"]
[Date "2023.04.25"]
[WhiteClock "0:02:44"]
[BlackClock "0:02:28"]

1. e4 c5 2. Nc3 d6 3. f4 g6 4. Nf3 Bg7 5. Bc4 Nc6 6. O-O Nf6 7. d3 O-O 8. h3 Na5 9. g4 Nxc4 10. dxc4 e6 11. Qe2 b6 12. e5 dxe5 13. Nxe5 Bb7 14. Be3 Qc7 15. Rad1 Rad8 16. Kh2 Nd7 17. Bf2 Nxe5 18. fxe5 Bxe5+ 19. Kg1 Bh2# 0-1


[Site "https://www.chess.com"]

[Event "Titled Tuesday Blitz April 25 Late 2023"]
[White "Simonovic, Miroslav"]
[Black "Capp, Stephen"]
[WhiteFideId "919152"]
[BlackFideId "2027089"]
[WhiteElo "2042"]
[BlackElo "1920"]
[Result "1-0"]
[Round "11"]
[TimeControl "180+2"]
[Date "2023.04.25"]
[WhiteClock "0:00:06"]
[BlackClock "0:00:03"]

1. d4 Nf6 2. Bg5 c5 3. Bxf6 gxf6 4. d5 Qb6 5. Nd2 Bg7 6. e4 d6 7. Nc4 Qc7 8. a4 f5 9. Bd3 fxe4 10. Bxe4 Nd7 11. Nf3 Nf6 12. Qd3 Bd7 13. O-O Rg8 14. Kh1 O-O-O 15. Bxh7 Nxh7 16. Qxh7 Bf6 17. Rad1 Rg7 18. Qd3 Rdg8 19. g3 Bh3 20. Rfe1 Bg4 21. Kg2 Rh8 22. Ne3 Bxf3+ 23. Kxf3 Rxh2 24. Rh1 Rxh1 25. Rxh1 Qd7 26. b3 Bd4 27. Rh4 a6 28. Qf5 e6 29. Qh5 Kc7 30. Ke2 Bxe3 31. Kxe3 Qe7 32. Kd2 Rg5 33. Qh8 Rxd5+ 34. Kc1 Qg5+ 35. Kb2 Qd2 36. Rh7 Qd4+ 37. Qxd4 Rxd4 38. Rxf7+ Kc6 39. Rf6 Rd2 40. f4 Rg2 41. Rg6 Kd5 42. Kc3 b5 43. axb5 axb5 44. Kd3 b4 45. g4 Rg3+ 46. Kd2 c4 47. Rg5+ Kd4 48. bxc4 Kxc4 49. Rg6 d5 50. Rxe6 Rxg4 51. f5 Rg2+ 52. Kd1 Rf2 53. f6 d4 54. Rc6+ Kd5 55. Rb6 Ke4 56. Re6+ Kd5 57. Rb6 Rf1+ 58. Kd2 Rf4 59. Rb5+ Kc4 60. Rb6 Rf5 61. Rc6+ Kd5 62. Rb6 Ke4 63. Re6+ Kd5 64. Ra6 Ke4 65. Re6+ Kd5 66. Rb6 Ke4 67. Rxb4 Rxf6 68. Rb5 Rf2+ 69. Kc1 Rf1+ 70. Kb2 Rf2 71. Rb8 d3 72. Re8+ 1-0


[Site "https://www.chess.com"]

[Event "Titled Tuesday Blitz April 25 Late 2023"]
[White "Antonova, Nadezhda"]
[Black "Fuentes Godoy, Lilia Ivonne"]
[WhiteFideId "14700182"]
[BlackFideId "5104130"]
[WhiteElo "1765"]
[BlackElo "2096"]
[Result "0-1"]
[Round "11"]
[TimeControl "180+2"]
[Date "2023.04.25"]
[WhiteClock "0:00:02"]
[BlackClock "0:01:08"]

1. Nf3 d5 2. b3 e6 3. Bb2 f5 4. g3 Nf6 5. Bg2 Bd6 6. O-O O-O 7. d4 c6 8. Nbd2 Ne4 9. Ne5 Nd7 10. Ndf3 Qc7 11. Nd3 b6 12. c4 Bb7 13. Rc1 Rac8 14. Nfe5 Nxe5 15. dxe5 Be7 16. cxd5 exd5 17. Nf4 Qd7 18. Qd3 Nc5 19. Qc2 Ne6 20. Nd3 c5 21. Rfd1 d4 22. f3 f4 23. Nf2 Nc7 24. Bh3 Ne6 25. Ne4 Qd5 26. Qc4 Qxc4 27. bxc4 Rc6 28. Bxe6+ Rxe6 29. Kf2 Rxe5 30. Rd2 fxg3+ 31. hxg3 Rxe4 32. Kg2 Re3 33. Rcc2 h5 34. Bc1 Re6 35. Rd1 Re8 36. Rh1 g6 37. Kf2 Bf6 38. Bf4 d3 39. exd3 Bd4+ 40. Kg2 Re2+ 41. Rxe2 Rxe2+ 42. Kh3 Bxf3 43. Rf1 Bg4+ 44. Kh4 Bf6+ 45. Bg5 Rh2# 0-1


[Site "https://www.chess.com"]

[Event "Titled Tuesday Blitz April 25 Late 2023"]
[White "yoriiiis"]
[Black "De Souza, Cristiano Gomes"]
[BlackFideId "2151758"]
[WhiteElo "2127"]
[BlackElo "2068"]
[Result "0-1"]
[Round "11"]
[TimeControl "180+2"]
[Date "2023.04.25"]
[WhiteClock "0:00:04"]
[BlackClock "0:00:20"]

1. e4 c5 2. Nf3 d6 3. d4 cxd4 4. Nxd4 Nf6 5. Nc3 g6 6. f3 Bg7 7. Be3 O-O 8. Qd2 Nc6 9. g4 Be6 10. h4 Qa5 11. h5 Rfc8 12. hxg6 hxg6 13. Nxe6 fxe6 14. Bh6 Ne5 15. Be2 Bxh6 16. Qxh6 Rxc3 17. bxc3 Qxc3+ 18. Kf2 Rf8 19. Kg2 Qxc2 20. Rae1 Kf7 21. Kf1 Ke8 22. Kg2 Kd7 23. Qe3 a6 24. Rb1 b5 25. Rhc1 Qxa2 26. Qa7+ Ke8 27. Rc8+ Kf7 28. Rxf8+ Kxf8 29. Qa8+ Kf7 30. Re1 Nd3 31. Kf1 Nxe1 32. Kxe1 Qa1+ 33. Kf2 Qd4+ 34. Ke1 Qb6 35. Qc8 a5 36. g5 Nh5 37. Qc1 b4 38. Qb2 Qc5 39. Bd1 Nf4 40. Kf1 Nd3 41. Qd2 Qc3 42. Ke2 Nc1+ 43. Ke1 Qxd2+ 44. Kxd2 Na2 45. Kc2 Nc3 0-1


[Site "https://www.chess.com"]

[Event "Titled Tuesday Blitz April 25 Late 2023"]
[White "Toma, Katarzyna"]
[Black "Kohler, Aran"]
[WhiteFideId "1119907"]
[BlackFideId "1002856"]
[WhiteElo "2149"]
[BlackElo "2010"]
[Result "0-1"]
[Round "11"]
[TimeControl "180+2"]
[Date "2023.04.25"]
[WhiteClock "0:00:02"]
[BlackClock "0:00:41"]

1. d4 d5 2. Nf3 c6 3. Bf4 Nf6 4. h3 Bf5 5. e3 e6 6. c3 a6 7. Nbd2 b5 8. a4 Nbd7 9. Nh4 h6 10. Nxf5 exf5 11. Bd3 g6 12. O-O Be7 13. Qc2 O-O 14. Bxh6 Re8 15. Nf3 Ne4 16. Bf4 Bf6 17. Ra2 g5 18. Bh2 g4 19. hxg4 fxg4 20. Nd2 g3 21. Bxg3 Nxg3 22. fxg3 Rxe3 23. Bh7+ Kg7 24. Bf5 Rxg3 25. axb5 cxb5 26. Nf3 Nb6 27. Qf2 Qc7 28. Bd3 Rh8 29. Rxa6 Rg4 30. Bxb5 Bh4 31. Nxh4 Rgxh4 32. Qf6+ Kg8 33. Rxb6 Qh2+ 34. Kf2 Rf4+ 35. Qxf4 Qxf4+ 36. Ke2 Qe4+ 37. Kd2 Qxg2+ 38. Kc1 Rh1 39. Rb8+ Kg7 40. Rxh1 Qxh1+ 41. Kc2 Qh2+ 42. Kb3 Qd2 43. Rb7 Qd1+ 44. Kb4 Kg6 45. b3 Qd2 46. Bc6 Qg2 47. Rd7 f6 48. Rxd5 Qb2 0-1


[Site "https://www.chess.com"]

[Event "Titled Tuesday Blitz April 25 Late 2023"]
[White "Srdanovic, Jovana"]
[Black "Hirneise, Jens"]
[WhiteFideId "954810"]
[BlackFideId "24614734"]
[WhiteElo "2145"]
[BlackElo "2345"]
[Result "1-0"]
[Round "11"]
[TimeControl "180+2"]
[Date "2023.04.25"]
[WhiteClock "0:00:17"]
[BlackClock "0:01:11"]

1. d4 Nf6 2. c4 e5 3. dxe5 Ng4 4. e4 Nxe5 5. f4 Ng6 6. Nf3 Bb4+ 7. Nc3 Nh4 8. Bd3 Nxg2+ 9. Kf2 Nh4 10. Be3 Nxf3 11. Qxf3 Qh4+ 12. Ke2 Bxc3 13. bxc3 O-O 14. Rag1 Nc6 15. Rg4 Qe7 16. Rhg1 g6 17. h4 d5 18. f5 Ne5 19. Qf4 Nxg4 20. Rxg4 dxe4 21. Bxe4 Re8 22. Bd4 Qxe4+ 23. Qxe4 Rxe4+ 24. Rxe4 Bxf5 25. Re7 Rc8 26. Kf3 1-0


[Site "https://www.chess.com"]

[Event "Titled Tuesday Blitz April 25 Late 2023"]
[White "Sanchez, Robert"]
[Black "Quirke, Jeffrey"]
[WhiteFideId "2034360"]
[BlackFideId "2013029"]
[WhiteElo "1966"]
[BlackElo "2007"]
[Result "0-1"]
[Round "11"]
[TimeControl "180+2"]
[Date "2023.04.25"]
[WhiteClock "0:02:25"]
[BlackClock "0:01:04"]

1. e4 e6 2. d4 d5 3. Nd2 dxe4 4. Nxe4 Bd7 5. Nf3 Bc6 6. Nc3 Nf6 7. Ne5 Be7 8. Nxc6 Nxc6 9. Be3 O-O 10. Bb5 a6 11. Bxc6 bxc6 12. Qf3 Nd5 13. Ne4 f5 14. Nc5 Bxc5 15. dxc5 e5 16. O-O-O Qe7 17. Rhe1 Qf6 18. Kb1 Rab8 19. Bd2 Rxb2+ 20. Kxb2 e4+ 21. Bc3 Rb8+ 22. Kc1 Nxc3 23. Qg3 Rb1+ 24. Kd2 Qd4+ 0-1